 Dungeon Crawl Stone Soup version 0.28-a0-938-gbc3f381ebc (webtiles) character file.

Game seed: 899470799196146835

315 Redcow54321 the Chopper (level 6, -5/47 HPs)
             Began as a Human Berserker on Nov 30, 2021.
             Was a Believer of Trog.
             Slain by Duvessa (9 damage)
             ... on level 4 of the Dungeon.
             The game lasted 00:16:09 (3008 turns).

Redcow54321 the Chopper (Human Berserker)           Turns: 3008, Time: 00:16:10

Health: -5/47      AC:  5    Str: 19    XL:     6   Next: 72%
Magic:  6/6        EV: 11    Int:  8    God:    Trog [**....]
Gold:   113        SH:  0    Dex: 12    Spells: 5/5 levels left

rFire   . . .      SeeInvis .   a - +0 hand axe
rCold   + . .      Faith    .   (no shield)
rNeg    . . .      Spirit   .   i - +0 ring mail
rPois   .          Reflect  .   (no helmet)
rElec   .          Harm     .   (no cloak)
rCorr   .          Rampage  .   (no gloves)
Will    .....                   (no boots)
Stlth   +.........              (no amulet)
HPRegen 0.15/turn               j - ring of protection from cold
MPRegen 0.10/turn               (no ring)

@: no status effects
A: no striking features
a: Renounce Religion, Berserk, Trog's Hand


You were on level 4 of the Dungeon.
You worshipped Trog.
Trog was pleased with you.
You visited 1 branch of the dungeon, and saw 5 of its levels.

You collected 113 gold pieces.

Inventory:

Hand Weapons
 a - a +0 hand axe (weapon)
Armour
 b - a +0 animal skin
 i - a +0 ring mail (worn)
Jewellery
 j - a ring of protection from cold (left hand)
Wands
 p - a wand of flame (15)
Scrolls
 d - 3 scrolls of identify {unknown}
 g - a scroll of enchant weapon {unknown}
 m - a scroll of magic mapping {unknown}
 n - a scroll of teleportation {unknown}
 o - a scroll of fear {unknown}
 q - a scroll of enchant armour {unknown}
 r - a scroll of torment {unknown}
Potions
 c - a potion of curing
 e - a potion of invisibility {unknown}
 f - a potion of mutation {unknown}
 h - a potion of berserk rage {unknown}
 k - 2 potions of haste {unknown}
 l - a potion of degeneration {unknown}


   Skills:
 - Level 3.0 Fighting
 + Level 6.4 Axes
 + Level 3.3 Armour
 - Level 2.0 Dodging


You had 5 spell levels left.
You didn't know any spells.
Your spell library contained the following spells:

 Spells                   Type           Power      Damage    Failure   Level
 Magic Dart               Conj           0%         1d3       58%         1
 Pain                     Necr           0%         1d4       58%         1
 Call Imp                 Summ           0%         N/A       73%         2
 Dazzling Flash           Conj/Hex       0%         N/A       91%         3
 Mephitic Cloud           Conj/Pois/Air  0%         N/A       91%         3
 Agony                    Necr           0%         N/A       100%        5
 Excruciating Wounds      Necr           0%         N/A       100%        5
 Silence                  Hex/Air        0%         N/A       100%        5


Dungeon Overview and Level Annotations

Branches:
Dungeon (5/15)
 Temple: D:4-7

Altars:
Cheibriados
Vehumet

Annotations:
D:4 Dowan, Duvessa


Message History

* * * LOW HITPOINT WARNING * * *
Your Armour skill increases to level 3!
You barely miss the orc.
The orc is heavily wounded.
The orc hits you with a +0 short sword.
* * * LOW HITPOINT WARNING * * *
You hit the orc but do no damage.
The orc is heavily wounded.
Your skin stops crawling.
You feel less strong-willed. The orc hits you with a +0 short sword.
* * * LOW HITPOINT WARNING * * *
You hit the orc.
The orc is severely wounded.
The orc hits you with a +0 short sword.
* * * LOW HITPOINT WARNING * * *
You hit the orc.
You kill the orc!
Trog accepts your kill.
You start resting.
An orc comes into view. It is wielding a +0 dagger.
You start resting.
An orc is nearby!
There is a stone staircase leading up here.
You climb upwards.
Level annotation: Dowan, Duvessa The kobold hits you with a +0 short sword.
* * * LOW HITPOINT WARNING * * *
The kobold closely misses you.
There is a stone staircase leading down here.
You see here 26 stones.
You hit the kobold but do no damage.
The kobold hits you with a +0 short sword.
* * * LOW HITPOINT WARNING * * *
Found a sapphire potion.
Dowan points at Duvessa and mumbles some strange words.
Duvessa seems to speed up.
The kobold completely misses you. The kobold closely misses you.
Duvessa hits you with a +0 short sword!
You die...

.. ### #! ..#
#.# ###.#
###..
...####.# ....
#...... # #..
#...#
###.#..###.@.#
........SKe..#
###.##.e#.####
#.##..#.#
#....(#..
###...####
#..e# #...#
#...########


You could see Duvessa (fast), Dowan, a ball python and a kobold.

Vanquished Creatures
  Sigmund (D:2)
  A phantom (D:5)
  An iguana (D:4)
  2 worms (D:2)
  5 dart slugs
  An orc (D:5)
  7 ball pythons
  3 bats
  6 endoplasms
  3 giant cockroaches (D:1)
  4 goblins
  4 hobgoblins
  3 jackals (D:1)
  2 quokkas
  2 frilled lizards
  5 kobolds
  5 rats
55 creatures vanquished.

Notes
Turn   | Place    | Note
-------+----------+-------------------------------------------
     0 | D:1      | Redcow54321 the Human Berserker began the quest for the
                  | Orb.
     0 | D:1      | Reached XP level 1. HP: 18/18 MP: 1/1
   149 | D:1      | Reached XP level 2. HP: 13/24 MP: 2/2
   499 | D:1      | Reached skill level 4 in Axes
   499 | D:1      | Reached XP level 3. HP: 29/29 MP: 3/3
   794 | D:1      | Reached ** piety under Trog
  1161 | D:2      | Noticed Sigmund
  1175 | D:2      | Killed Sigmund
  1176 | D:2      | Reached skill level 5 in Axes
  1176 | D:2      | Reached XP level 4. HP: 24/35 MP: 4/4
  1176 | D:2      | Reached XP level 5. HP: 28/41 MP: 5/5
  1335 | D:2      | Found a radiant altar of Vehumet.
  1494 | D:2      | Reached XP level 6. HP: 33/47 MP: 6/6
  1824 | D:2      | Reached skill level 6 in Axes
  2456 | D:3      | Found a snail-covered altar of Cheibriados.
  2953 | D:4      | Noticed Duvessa
  2953 | D:4      | Noticed Dowan
  2957 | D:5      | Entered Level 5 of the Dungeon
  2966 | D:5      | HP: 2/47 [phantom (7)]
  3008 | D:4      | Slain by Duvessa

Illustrated notes

Levels and vault maps discovered:
D:1:      dpeg_arrival_tiny_g, layout_rooms, chequers_serial_rivers_micro_e
D:2:      layout_basic, basic_altar, minmay_randomly_rotated_circles,
          uniq_sigmund
D:3:      layout_rooms, kennysheep_slug_shrine
D:4:      layout_loops_cross, minmay_temple_entry_sparse_star, sigmund_army,
          uniq_duvessa
D:5:      layout_cave_pools, serial_park, serial_park_paths
          [serial_park_minivault_5x5_2], serial_park_tiny_pond,
          serial_park_tiny_1, gup_sewer_entry_bowl

Skill      XL: |  1  2  3  4  5  6 |
---------------+-------------------+-----
Axes           | 4 5 6 |  6.4
Armour         | 3 |  3.3
Fighting       | |  3.0
Dodging        | |  2.0

Action                   |  1- 3 |  4- 6 || total
-------------------------+-------+-------++-------
Melee: Hand axe          |    97 |   116 ||   213
Invok: Berserk           |     1 |       ||     1
       Trog's Hand       |       |     1 ||     1
  Use: Potion            |       |     2 ||     2
Armor: Animal skin       |    14 |       ||    14
       Ring mail         |     3 |    37 ||    40
Dodge: Dodged            |    55 |    45 ||   100

Table legend: (Time is in decaauts)
 A = Elapsed time spent in this place.
 B = Non-inter-level travel time spent in this place.
 C = Inter-level travel time spent in this place.
 D = Time resting spent in this place.
 E = Time spent auto-exploring this place.
 F = Levels seen in this place.
 G = Mean time per level.
                   A        B        C        D        E       F      G
               +--------+--------+--------+--------+--------+-----+--------+
         Total |   3030 |   2932 |     98 |    676 |   1571 |   5 |  606.0 |
       Dungeon |   3030 |   2932 |     98 |    676 |   1571 |   5 |  606.0 |
               +--------+--------+--------+--------+--------+-----+--------+

Top non-repeatable levels by time:
     D:1: 1142 daAuts
     D:2: 1075 daAuts
     D:3: 548 daAuts
     D:4: 227 daAuts
     D:5: 36 daAuts
